 Dungeon Crawl Stone Soup version 0.30-a0-800-g7c544603b3 (webtiles) character file.

Game seed: 10929795203418746532

11 Juicyj the Gusty (level 2, -5/31 HPs)
             Began as a Merfolk Wanderer on Feb 22, 2023.
             Slain by a gnoll
             ... wielding a +0 club
              (7 damage)
             ... on level 2 of the Dungeon.
             The game lasted 00:01:14 (757 turns).

Juicyj the Gusty (Merfolk Wanderer)                  Turns: 757, Time: 00:01:15

Health: -5/31      AC:  3    Str: 14    XL:     2   Next: 25%
Magic:  3/3        EV: 11    Int: 12    God:
Gold:   37         SH:  0    Dex: 10    Spells: 2/3 levels left

rFire   . . .      SeeInvis .    a - +1 mace
rCold   . . .      Faith    .    (no shield)
rNeg    . . .      Spirit   .    d - +0 leather armour
rPois   .          Reflect  .    (no helmet)
rElec   .          Harm     .    (no cloak)
rCorr   .          Rampage  .    (no gloves)
Will    .....                    (no boots) Stlth
                                 (no amulet)
HPRegen 0.25/turn                (no ring)
MPRegen 0.08/turn                (no ring)

@: berserking, weak-willed, hasted (expiring), very quick
A: (nimble swimmer 2), mertail
a: no special abilities


You were on level 2 of the Dungeon.
You visited 1 branch of the dungeon, and saw 2 of its levels.

You collected 37 gold pieces.

Inventory:

Hand Weapons
 a - a +1 mace (weapon)
Armour
 d - a +0 leather armour (worn)
Jewellery
 e - a ring of poison resistance
Wands
 b - a wand of polymorph (4)


   Skills:
 + Level 1.4 Fighting
 + Level 1.7 Maces & Flails
 + Level 1.2 Spellcasting
 + Level 3.3 Air Magic
 + Level 2.1 Evocations


You had 2 spell levels left.
You knew the following spells:

 Your Spells              Type           Power      Damage    Failure   Level
a - Shock                 Conj/Air       16%        1d4       19%         1

Your spell library contained the following spells:

 Spells                   Type           Power      Damage    Failure   Level
 Poisonous Vapours        Pois/Air       8%         N/A       28%         2
 Swiftness                Air            8%         N/A       28%         3


Dungeon Overview and Level Annotations

Branches:
Dungeon (2/15)

Altars:

Shops:
D:1 ?


Innate Abilities, Weirdness & Mutations

((You are very nimble when in or above water. (Stealth+, EV+, Speed+++)))
Your lower body shifts to a powerful aquatic tail in water.


Message History

A gnoll comes into view. It is wielding a +0 club.
You barely miss the gnoll. The gnoll hits you with a +0 whip!
You closely miss the gnoll. You closely miss the gnoll.
You hit the gnoll but do no damage. You barely miss the gnoll.
The gnoll barely misses you.
You barely miss the gnoll. The gnoll hits you with a +0 club.
You are too injured to fight recklessly!
You are too injured to fight recklessly!
You are too injured to fight recklessly!
You are too injured to fight recklessly!
You are too injured to fight recklessly!
You are too injured to fight recklessly!
You are too injured to fight recklessly!
You are too injured to fight recklessly!
You are too injured to fight recklessly!
You are too injured to fight recklessly!
You are too injured to fight recklessly!
You are too injured to fight recklessly!
Your extra speed is starting to run out.
You hit the gnoll.
The gnoll is moderately wounded.
The gnoll hits you with a +0 club!
* * * LOW HITPOINT WARNING * * *
A red film seems to cover your vision as you go berserk!
You feel yourself moving faster!
You feel mighty!
You closely miss the gnoll.
The gnoll is moderately wounded.
The gnoll barely misses you.
You barely miss the gnoll.
The gnoll is moderately wounded.
The gnoll misses you.
You barely miss the gnoll.
The gnoll is moderately wounded.
The gnoll hits you with a +0 club.
* * * LOW HITPOINT WARNING * * *
You hit the gnoll.
The gnoll is heavily wounded.
The gnoll hits you with a +0 club!
You die...

*,* #>.....##.# *,*
#.#....##.# *,*
#.###..##.# *,*
#.###...#.# *,*
#.....#...######## *,*
#####.#.#........# *,*
#.#...#..###.# *,*
#.#.###...#*,*
*,******#@#..<..#.##.*****
*,,,,,,,#g#.#..........,,,
*******,#g#..........##***
*,#g##########.# *,#g# *.#
*,#.# *,# *,#.# *,* *,#.#
*,** *,#.# *,,**


You could see 4 gnolls.

Vanquished Creatures
  An endoplasm (D:1)
  2 hobgoblins (D:1)
  A kobold (D:1)
  2 quokkas (D:1)
  A ball python (D:2)
  A bat (D:1)
  2 rats (D:1)
10 creatures vanquished.

Notes
Turn   | Place    | Note
-------+----------+-------------------------------------------
     0 | D:1      | Juicyj the Merfolk Wanderer began the quest for the Orb.
     0 | D:1      | Juicyj set off with the following items: a +0 mace, a wand
                  | of polymorph (4), a potion of berserk rage, a +0 leather
                  | armour; and the following spell memorised: Shock; and the
                  | following spells available to memorise: Poisonous Vapours,
                  | Swiftness.
     0 | D:1      | Reached XP level 1. HP: 15/15 MP: 2/2
   222 | D:1      | Found Qig Ysm's Magic Scroll Boutique.
   294 | D:1      | Reached XP level 2. HP: 21/21 MP: 3/3
   757 | D:2      | Slain by a gnoll

Illustrated notes

Levels and vault maps discovered:
D:1:      heliophobic_arrival_ceremonial_halls, layout_loops_ring, serial_shops,
          shop, minmay_misc_feat_alley
D:2:      layout_basic, serial_shops, shop

Action                     || total
---------------------------++-------
  Melee: Mace              ||    42
    Use: Scroll            ||     4
         Potion            ||     2
 Armour: Leather armour    ||     9
  Dodge: Dodged            ||    22

Table legend: (Time is in decaauts)
 A = Elapsed time spent in this place.
 B = Non-inter-level travel time spent in this place.
 C = Inter-level travel time spent in this place.
 D = Time resting spent in this place.
 E = Time spent auto-exploring this place.
 F = Levels seen in this place.
 G = Mean time per level.
                   A        B        C        D        E       F      G
               +--------+--------+--------+--------+--------+-----+--------+
         Total |    755 |    731 |     24 |      0 |    633 |   2 |  377.5 |
       Dungeon |    755 |    731 |     24 |      0 |    633 |   2 |  377.5 |
               +--------+--------+--------+--------+--------+-----+--------+

Top non-repeatable levels by time:
     D:1: 715 daAuts
     D:2: 39 daAuts
